 Dungeon Crawl Stone Soup version 0.21.0-3-g78d12a8 (webtiles) character file.

41 raph the Chiller (level 3, -3/19 HPs)
             Began as a Deep Elf Ice Elementalist on Jan 15, 2018.
             Slain by a gnoll
             ... wielding a +0 spear
              (10 damage)
             ... on level 2 of the Dungeon.
             The game lasted 00:04:29 (1176 turns).

raph the Chiller (Deep Elf Ice Elementalist)        Turns: 1176, Time: 00:04:30

Health: -3/19      AC:  7    Str:  5    XL:     3   Next: 32%
Magic:  7/10       EV: 13    Int: 19    God:
Gold:   37         SH:  0    Dex: 16    Spells: 3/9 levels left

rFire    . . .     SeeInvis .   f - -2 dagger (curse)
rCold    . . .     Gourm    .   (no shield)
rNeg     . . .     Faith    .   a - +0 robe
rPois    .         Spirit   .   (no helmet)
rElec    .         Reflect  .   (no cloak)
rCorr    .         Harm     .   (no gloves)
MR       .....     Rnd*Tele +   (no boots)
Stlth    ++........             (no amulet)
HPRegen  0.06/turn              o - ring of wizardry
MPRegen  0.12/turn              r - ring of teleportation (curse)

@: icy armour, slow
A: no striking features
a: no special abilities


You were on level 2 of the Dungeon.
You were not hungry.

You visited 1 branch of the dungeon, and saw 2 of its levels.

You collected 37 gold pieces.

Inventory:

Hand Weapons
 f - a cursed -2 dagger (weapon)
 g - a +0 short sword of venom
 h - a +0 short sword
Missiles
 i - 2 javelins (quivered)
 l - 21 poisoned needles
 m - 2 tomahawks
Armour
 a - a +0 robe (worn)
Jewellery
 e - an uncursed ring of flight
 o - a ring of wizardry (left hand)
 r - a cursed ring of teleportation (right hand)
Scrolls
 d - a scroll of identify
 k - a scroll of teleportation
Potions
 j - a potion of might
 n - a potion of cancellation {unknown}
Books
 b - a book of Frost

   Spells                             Type                      Level
   a - Freeze                         Ice                          1
   b - Throw Frost                    Conjuration/Ice              2
   c - Ozocubu's Armour               Charms/Ice                   3
   d - Throw Icicle                   Conjuration/Ice              4
   e - Summon Ice Beast               Ice/Summoning                4
Comestibles
 c - 3 rations


   Skills:
 + Level 0.0 Fighting
 + Level 3.0 Dodging
 + Level 3.0 Stealth
 + Level 3.5 Spellcasting
 - Level 1.1 Conjurations
 + Level 0.0 Charms
 * Level 4.0 Ice Magic


You had 3 spell levels left.
You knew the following spells:

 Your Spells              Type           Power        Failure   Level  Hunger
a - Freeze                Ice            ###.         1%          1    None
b - Throw Frost           Conj/Ice       ##....       3%          2    ##.....
c - Ozocubu's Armour      Chrm/Ice       ##......     8%          3    ###....


Dungeon Overview and Level Annotations

Branches:
Dungeon (2/15)

Altars:


Message History

Casting: Ozocubu's Armour
Confirm with . or Enter, or press ? or * to list all spells.
Aiming: Freeze
Press: ? - help, Shift-Dir - straight line, f - gnoll, p - gnoll
Aim: a gnoll, wielding a spear (moderately wounded)
You freeze the gnoll.
The gnoll is heavily wounded.
The gnoll barely misses you. The gnoll hits you but does no damage.
You see here a fizzy clear potion.
Found a hand axe.
The gnoll throws a throwing net.
The throwing net hits you.
You become entangled in the net!
Things that are here:
a throwing net; a scroll of identify You tear a large gash into the net.
You struggle against the net.
You rip the net and break free!
The gnoll hits you from afar with a spear!
Ouch! That really hurt!
You die...

#.#.. .# #)### .# #.#
#.## ##.## #
##...####...#####.
#.#..#......#......#
####.#....####...####.#
#........)# ##.## #.#
#@...# #.# #.# #.####
#.# #)# #g# #.# #.# #g#
#.# #.# #g# #.#####.#
#.# #.......# #(##
######.g. #..# ### #.#.
##.# ##.## #.#.


You could see 3 gnolls.

Vanquished Creatures
  An ooze (D:2)
  A worm (D:2)
  2 dart slugs (D:1)
  A leopard gecko (D:2)
  3 bats (D:1)
  A giant cockroach (D:1)
  5 hobgoblins
  6 kobolds (D:1)
  A quokka (D:2)
  A frilled lizard (D:1)
  4 rats
26 creatures vanquished.

Notes
Turn   | Place    | Note
-------+----------+-------------------------------------------
     0 | D:1      | raph the Deep Elf Ice Elementalist began the quest for the Orb.
     0 | D:1      | Reached XP level 1. HP: 10/10 MP: 6/6
   156 | D:1      | Reached XP level 2. HP: 13/15 MP: 2/8
   480 | D:1      | Learned a level 2 spell: Throw Frost
   842 | D:2      | Reached XP level 3. HP: 19/19 MP: 7/9
   890 | D:2      | Learned a level 3 spell: Ozocubu's Armour
   921 | D:2      | Reached skill level 4 in Ice Magic
  1176 | D:2      | Slain by a gnoll

Skill      XL: |  1  2  3 |
---------------+----------+-----
Stealth        | 3 |  3.0
Dodging        | 3 |  3.0
Ice Magic      | 4 |  4.0
Spellcasting   | |  3.5
Conjurations   | |  1.1

Action                   || total
-------------------------++-------
Melee: Unarmed           ||     1
       Dagger            ||     5
Throw: Javelin           ||     3
 Cast: Freeze            ||    42
       Throw Frost       ||     5
       Ozocubu's Armour  ||     1
  Use: Scroll            ||     4
 Stab: Sleeping          ||     3
  Eat: Chunk             ||     1
Armor: Robe              ||     6
Dodge: Dodged            ||    27
